 Dungeon Crawl Stone Soup version 0.28.0-45-g0d030f2227 (webtiles) character file.

Game seed: 1266611260133859447

46 pkoi the Conjurer (level 3, -4/25 (26) HPs)
             Began as a Demigod Conjurer on Apr 7, 2022.
             Killed from afar by Ijyb (10 damage)
             ... with an iceblast
             ... on level 2 of the Dungeon.
             The game lasted 00:02:09 (2305 turns).

pkoi the Conjurer (Demigod Conjurer)                Turns: 2305, Time: 00:02:10

HP:   -4/25 (26)    AC:  6    Str:  8    XL:     3   Next: 26%
MP:   7/9           EV: 12    Int: 24    God:
Gold: 55            SH:  0    Dex: 12    Spells: 3/6 levels left

rFire   . . .      SeeInvis .   i - +0 short sword (drain)
rCold   . . .      Faith    .   (no shield)
rNeg    . . .      Spirit   .   a - +0 robe
rPois   .          Reflect  .   (no helmet)
rElec   .          Harm     .   d - +0 cloak
rCorr   .          Rampage  .   k - +1 pair of gloves
Will    .....                   g - +0 pair of boots
Stlth   ++........              (no amulet)
HPRegen 0.08/turn               l - ring of wizardry
MPRegen 0.11/turn               (no ring)

@: lightly drained
A: high MP 1, forlorn, divine attributes
a: no special abilities


You were on level 2 of the Dungeon.
You visited 1 branch of the dungeon, and saw 3 of its levels.

You collected 55 gold pieces.

Inventory:

Hand Weapons
 b - a +0 dagger
 c - a +0 rapier
 i - a +0 short sword of draining (weapon)
Missiles
 m - 3 poisoned darts
Armour
 a - a +0 robe (worn)
 d - a +0 cloak (worn)
 g - a +0 pair of boots (worn)
 k - a +1 pair of gloves (worn)
Jewellery
 l - a ring of wizardry (left hand)
Potions
 h - a potion of magic
 j - 2 potions of might {unknown}


   Skills:
 - Level 1.7 Dodging
 - Level 1.7 Stealth
 + Level 2.3 Spellcasting
 * Level 4.4 Conjurations


You had 3 spell levels left.
You knew the following spells:

 Your Spells              Type           Power      Damage    Failure   Level
a - Magic Dart            Conj           96%        1d7       1%          1
b - Searing Ray           Conj           48%        2d6       1%          2

Your spell library contained the following spells:

 Spells                   Type           Power      Damage    Failure   Level
 Dazzling Flash           Conj/Hex       26%        N/A       6%          3
 Fulminant Prism          Conj/Hex       6%         3d7       19%         4
 Iskenderun's Mystic Bla  Conj/Tloc      13%        2d5       19%         4


Dungeon Overview and Level Annotations

Branches:
Dungeon (3/15)

Annotations:
D:2 Ijyb


Innate Abilities, Weirdness & Mutations

You have an increased reservoir of magic. (+10% MP)
You shall have no god before yourself.
Your divine heritage dramatically boosts your attributes as you level up.


Message History

Unknown command.
Unknown command.
You climb upwards.
There is a stone staircase leading down here.
As you read the scroll of identify, it crumbles to dust.
h - a potion of magic Your surroundings suddenly seem different.
You start waiting.
Done waiting.
(D) Dungeon
Where to? (Enter - D:2 @ (x,y), ? - help)
There is a stone staircase leading down here.
You climb downwards.
Level annotation: Ijyb Ijyb shouts!
The kobold shouts!
The hobgoblin shouts!
You hear a shout!
Ijyb closely misses you.
An orc priest comes into view. It is wielding a +0 whip.
There is a stone staircase leading up here.
Unknown command.
Ijyb hits you with a +0 dagger of draining.
HP restored.
You feel drained. The hobgoblin hits you.
You climb upwards.
There is a stone staircase leading down here.
Unknown command.
Ijyb screams, "It's all mine!"
Ijyb zaps a wand.
The mass of ice explodes!
The iceblast engulfs you!
* * * LOW HITPOINT WARNING * * *
Ijyb zaps a wand.
The mass of ice explodes!
The iceblast engulfs you.
* * * LOW HITPOINT WARNING * * *
Casting: Magic Dart (safe; 1% risk of failure)
Confirm with . or Enter, or press ? or * to list all spells.
Aiming: Searing Ray (safe; 1% risk of failure)
Press: ? - help, Shift-Dir - straight line, f - hobgoblin
Aim: a hobgoblin (79% to hit)
The searing ray hits the hobgoblin!
You kill the hobgoblin!
The searing ray hits Ijyb but does no damage. (Press . to maintain the ray.) Ijyb zaps a wand.
The mass of ice explodes!
The iceblast engulfs you!
You die...

.####..........# #.#
........###.##.# #.# ........#
#.##.# #.# #.#####.# #....# #.#
##.####.###..#.# ##.##
#.##........#.#### ######...##
##.##.............#####..........
#........>....###.[...#.####...##
....#........g..@.###.#.####.#...
###.#........#.#### #............
# #.##.#####.#)# ###.####.#### #
#.#.....##...# ##.####.###
###.#.....###.## #.........##
.....(....# #.# #...........
###.#...(.###.## #.#####.#.##
#.#..........#######.# #.#.#
#.##..#.#.........##.# #.#.#


You could see Ijyb.

Vanquished Creatures
  A worm (D:2)
  3 endoplasms
  2 giant cockroaches (D:1)
  3 hobgoblins
  4 jackals (D:1)
  4 quokkas
  4 ball pythons
  4 bats
  2 frilled lizards (D:1)
  3 goblins
  6 kobolds
  5 rats (D:1)
41 creatures vanquished.

Notes
Turn   | Place    | Note
-------+----------+-------------------------------------------
     0 | D:1      | pkoi the Demigod Conjurer began the quest for the Orb.
     0 | D:1      | Reached XP level 1. HP: 14/14 MP: 5/5
   523 | D:1      | Reached XP level 2. HP: 20/20 MP: 4/7
   554 | D:1      | Reached skill level 4 in Conjurations
  1070 | D:1      | Learned a level 2 spell: Searing Ray
  1286 | D:2      | Reached XP level 3. HP: 26/26 MP: 3/9
  2168 | D:3      | Noticed Ijyb
  2305 | D:2      | Killed from afar by Ijyb

Illustrated notes

Levels and vault maps discovered:
D:1:      mrwooster_arrival_statue, layout_loops_cross, glass_columns_b
D:2:      layout_loops_ring, basic_altar
D:3:      layout_basic, mainiacjoe_overflow_divided_tiny, uniq_ijyb

Skill      XL: |  1  2 |
---------------+-------+-----
Spellcasting   | 2 |  2.3
Conjurations   | 4 |  4.4
Dodging        | |  1.7
Stealth        | |  1.7

Action                   || total
-------------------------++-------
Melee: Rapier            ||    10
 Cast: Magic Dart        ||    71
       Searing Ray       ||     1
  Use: Scroll            ||     5
 Stab: Sleeping          ||     1
Armor: Robe              ||     1
Dodge: Dodged            ||    13
